 Dungeon Crawl Stone Soup version 0.26-a0-682-g294304f6e8 (webtiles) character file.

Game seed: 930546163420772947

(classic levelgen) 7 EnegeticOcto the Stinger (level 2, -2/17 HPs)
             Began as a Halfling Venom Mage on Oct 21, 2020.
             Slain by a goblin
             ... wielding a +0 dagger
              (5 damage)
             ... on level 1 of the Dungeon.
             The game lasted 00:01:00 (162 turns).

EnegeticOcto the Stinger (Halfling Venom Mage)       Turns: 162, Time: 00:01:01

Health: -2/17      AC:  2    Str:  9    XL:     2   Next: 10%
Magic:  0/4        EV: 15    Int: 13    God:
Gold:   23         SH:  0    Dex: 14    Spells: 3/4 levels left

rFire    . . .     SeeInvis .   f - +0 spear
rCold    . . .     Faith    .   (shield restricted)
rNeg     . . .     Spirit   .   a - +0 robe
rPois    .         Reflect  .   (no helmet)
rElec    .         Harm     .   (no cloak)
rCorr    .         Rampage  .   (no gloves)
MR       .....                  (no boots)
Stlth    ++........             (no amulet)
HPRegen  0.05/turn              (no ring)
MPRegen  0.09/turn              (no ring)

@: very slightly contaminated
A: small, mutation resistance 1
a: no special abilities


You were on level 1 of the Dungeon.
You visited 1 branch of the dungeon, and saw 1 of its levels.

You collected 23 gold pieces.

Inventory:

Hand Weapons
 f - a +0 spear (weapon)
Missiles
 b - 50 stones (quivered)
 e - 10 poisoned darts
Armour
 a - a +0 robe (worn)
 h - a +0 kite shield
Scrolls
 g - a scroll of amnesia {unknown}
Potions
 c - a potion of stabbing {unknown}
 d - a potion of curing {unknown}


   Skills:
 - Level 2.1 Dodging
 - Level 2.1 Stealth
 - Level 1.5 Spellcasting
 - Level 0.5 Transmutations
 + Level 3.5 Poison Magic


You had 3 spell levels left.
You knew the following spells:

 Your Spells              Type           Power        Failure   Level
a - Sting                 Tmut/Pois      #...         12%         1

Your spell library contained the following spells:

 Spells                   Type           Power        Failure   Level
 Poisonous Vapours        Pois/Air       #.....       21%         2
 Ignite Poison            Fire/Tmut/Pois #.......     43%         3
 Mephitic Cloud           Conj/Pois/Air  #.......     45%         3
 Olgreb's Toxic Radiance  Pois           ##......     52%         4


Dungeon Overview and Level Annotations

Branches:
Dungeon (1/15)

Altars:


Innate Abilities, Weirdness & Mutations

You are small and have problems with some larger weapons.
You are somewhat resistant to further mutation.


Message History

The sting hits the hobgoblin but does no damage.
The hobgoblin is poisoned.
A bat and a kobold come into view.
You feel a bit more experienced.
A kobold comes into view. It is wielding a -2 short sword.
The kobold shouts! x2
The bat closely misses you. x2; The bat hits you.
The kobold throws a stone.
The stone misses you. The bat closely misses you. The bat barely misses you.
The bat misses you. The bat misses you. The kobold barely misses you.
The bat completely misses you.
Casting: Sting (safe; 12% risk of failure)
Confirm with . or Enter, or press ? or * to list all spells.
Aiming: Sting (safe; 12% risk of failure)
Press: ? - help, Shift-Dir - straight line, f - kobold
Aim: a kobold, wielding a -2 short sword The sting hits the kobold.
The kobold is poisoned.
The kobold is severely wounded.
Found a spear.
You kill the kobold!
The bat hits you but does no damage. The bat misses you.
You see here a spear.
f - a +0 spear (weapon)
Casting: Sting (safe; 12% risk of failure)
Confirm with . or Enter, or press ? or * to list all spells.
Aiming: Sting (safe; 12% risk of failure)
Press: ? - help, Shift-Dir - straight line, f - bat
Aim: a bat The sting hits the bat.
The bat is poisoned.
The bat is moderately wounded.
The bat barely misses you. The bat misses you. The bat closely misses you.
The bat hits you but does no damage.
The kobold throws a stone.
The stone hits you but does no damage.
You see here a stone.
You kill the bat!
You have reached level 2!
The kobold throws a stone.
The stone closely misses you.
The kobold throws a stone.
The stone closely misses you.
You see here a stone.
Found a scroll labeled OGEDUHEFOE and a spear.
A rat comes into view.
You see here a scroll labeled OGEDUHEFOE.
g - a scroll labeled OGEDUHEFOE
Found a kite shield.
A goblin comes into view. It is wielding a +0 dagger.
Found 24 stones.
You see here a kite shield.
h - a kite shield
Casting: Sting (safe; 12% risk of failure)
Confirm with . or Enter, or press ? or * to list all spells.
Aiming: Sting (safe; 12% risk of failure)
Press: ? - help, Shift-Dir - straight line, f - kobold
Aim: a kobold The sting misses the kobold.
The goblin shouts!
Casting: Sting (safe; 12% risk of failure)
Confirm with . or Enter, or press ? or * to list all spells.
Aiming: Sting (safe; 12% risk of failure)
Press: ? - help, Shift-Dir - straight line, f/p - kobold
Aim: a kobold The sting misses the kobold.
The goblin barely misses you.
Casting: Sting (safe; 12% risk of failure)
Confirm with . or Enter, or press ? or * to list all spells.
Aiming: Sting (safe; 12% risk of failure)
Press: ? - help, Shift-Dir - straight line, f/p - kobold
Aim: a kobold The sting hits the kobold.
The kobold is poisoned.
You kill the kobold!
The goblin closely misses you.
You see here 24 stones.
b - 50 stones (gained 24)
The goblin hits you with a +0 dagger.
* * * LOW HITPOINT WARNING * * *
The goblin closely misses you.
Casting: Sting (safe; 12% risk of failure)
Confirm with . or Enter, or press ? or * to list all spells.
Aiming: Sting (safe; 12% risk of failure)
Press: ? - help, Shift-Dir - straight line, f - goblin
Aim: a goblin, wielding a +0 dagger You miscast Sting.
You are very lightly contaminated with residual magic.
Nothing appears to happen.
The goblin completely misses you.
You closely miss the goblin. The goblin closely misses you.
You hit the goblin.
The goblin is moderately wounded.
The goblin closely misses you.
You barely miss the goblin.
The goblin is moderately wounded.
The goblin hits you with a +0 dagger.
* * * LOW HITPOINT WARNING * * *
You barely miss the goblin.
The goblin is moderately wounded.
The goblin hits you with a +0 dagger.
You die...

## ... # ##..## ###
### ## #.#.#.
#.###r.######.##
......
###.....###..#@..#
#.....
##......###...g..##
#....
#......###.......#
##....
#...............##
#.....
##)........#.####
#..###
##........##### ###
######...(.
#.......### ##.#
#..K.K...w#
......###
#..###)####....#
...#.##
###..............#


You could see a goblin.

Vanquished Creatures
  2 bats (D:1)
  2 hobgoblins (D:1)
  2 kobolds (D:1)
6 creatures vanquished.

Notes
Turn   | Place    | Note
-------+----------+-------------------------------------------
     0 | D:1      | EnegeticOcto the Halfling Venom Mage began the quest for
                  | the Orb.
     0 | D:1      | Reached XP level 1. HP: 11/11 MP: 3/3
   122 | D:1      | Reached XP level 2. HP: 7/17 MP: 1/4
   162 | D:1      | Slain by a goblin

Illustrated notes

Levels and vault maps discovered:
D:1:      dpeg_arrival_arbitrary_a, layout_loops_ring

Action                   || total
-------------------------++-------
Melee: Unarmed           ||     5
       Spear             ||     4
 Cast: Sting             ||     9
Armor: Robe              ||     3
Dodge: Dodged            ||    27

Table legend: (Time is in decaauts)
 A = Elapsed time spent in this place.
 B = Non-inter-level travel time spent in this place.
 C = Inter-level travel time spent in this place.
 D = Time resting spent in this place.
 E = Time spent auto-exploring this place.
 F = Levels seen in this place.
 G = Mean time per level.
                   A        B        C        D        E       F      G
               +--------+--------+--------+--------+--------+-----+--------+
         Total |    161 |    161 |      0 |      0 |      0 |   1 |  161.0 |
       Dungeon |    161 |    161 |      0 |      0 |      0 |   1 |  161.0 |
               +--------+--------+--------+--------+--------+-----+--------+

Top non-repeatable levels by time:
     D:1: 161 daAuts
